 Dungeon Crawl Stone Soup version 0.29.1-12-g30fa7ad0bf (webtiles) character file.

Game seed: 12302260013316008755

116 112233 the Vexing (level 4, -1/30 HPs)
             Began as a Demonspawn Enchanter on Dec 25, 2022.
             Slain by an orc
             ... wielding a +0 whip
              (4 damage)
             ... on level 3 of the Dungeon.
             The game lasted 00:04:28 (3577 turns).

112233 the Vexing (Demonspawn Enchanter)            Turns: 3577, Time: 00:04:29

Health: -1/30      AC:  3    Str:  8    XL:     4   Next: 70%
Magic:  2/8        EV: 12    Int: 19    God:
Gold:   100        SH:  0    Dex: 13    Spells: 3/8 levels left

rFire   . . .      SeeInvis .   a - +1 dagger
rCold   . . .      Faith    .   (no shield)
rNeg    . . .      Spirit   .   b - +0 robe
rPois   .          Reflect  .   g - +0 helmet
rElec   .          Harm     .   (no cloak)
rCorr   .          Rampage  .   (no gloves)
Will    .....                   (no boots)
Stlth   ++........              (no amulet)
HPRegen 0.10/turn               (no ring)
MPRegen 0.22/turn               (no ring)

@: on berserk cooldown, hasted and slowed
A: magic regeneration
a: no special abilities


You were on level 3 of the Dungeon.
You visited 1 branch of the dungeon, and saw 3 of its levels.

You collected 100 gold pieces.

Inventory:

Hand Weapons
 a - a +1 dagger (weapon)
Missiles
 d - 8 poisoned darts (quivered)
Armour
 b - a +0 robe (worn)
 g - a +0 helmet (worn)
Wands
 f - a wand of quicksilver (3)
Scrolls
 e - a scroll of enchant weapon {unknown}
 h - a scroll of brand weapon {unknown}
 i - a scroll of amnesia {unknown}
Potions
 k - a potion of flight {unknown}


   Skills:
 + Level 2.0 Short Blades
 + Level 2.7 Dodging
 - Level 2.7 Stealth
 + Level 2.8 Spellcasting
 + Level 3.7 Hexes


You had 3 spell levels left.
You knew the following spells:

 Your Spells              Type           Power      Damage    Failure   Level
a - Ensorcelled Hibernat  Hex/Ice        18%        N/A       11%         2
b - Confusing Touch       Hex            17%        N/A       10%         3

Your spell library contained the following spells:

 Spells                   Type           Power      Damage    Failure   Level
 Tukima's Dance           Hex            17%        N/A       10%         3
 Dazzling Flash           Conj/Hex       18%        N/A       22%         3
 Conjure Flame            Conj/Fire      2%         6-21      43%         3
 Ignite Poison            Fire/Tmut/Pois 2%         N/A       43%         3
 Sticky Flame             Conj/Fire      2%         2d3       83%         4
 Dispersal                Tloc           1%         N/A       100%        6
 Disjunction              Tloc           1%         N/A       100%        8


Dungeon Overview and Level Annotations

Branches:
Dungeon (3/15)

Altars:

Annotations:
D:2 exclusion: downstairs
D:3 Ijyb


Innate Abilities, Weirdness & Mutations

You regenerate magic rapidly.


Message History

The adder is almost dead.
You barely miss the adder.
The adder is almost dead.
The adder bites you.
* * * LOW HITPOINT WARNING * * *
You barely miss the adder.
The adder is almost dead.
The adder closely misses you.
You barely miss the adder.
The adder is almost dead.
The adder bites you.
* * * LOW HITPOINT WARNING * * *
You puncture the adder!
You kill the adder!
Unknown command.
You puncture the goblin!
You kill the goblin!
Unknown command.
You feel a strong urge to attack something.
You are no longer berserk.
You are exhausted.
You feel yourself slow down.
Casting: Ensorcelled Hibernation (safe; 11% risk of failure)
Confirm with . or Enter, or press ? or * to list all spells.
Aiming: Ensorcelled Hibernation (safe; 11% risk of failure)
Press: ? - help, Shift-Dir - straight line, f - orc
Aim: an orc, wielding a +0 whip (chance to affect: 61%)
The orc resists with significant effort.
Casting: Ensorcelled Hibernation (safe; 11% risk of failure)
Confirm with . or Enter, or press ? or * to list all spells.
Aiming: Ensorcelled Hibernation (safe; 11% risk of failure)
Press: ? - help, Shift-Dir - straight line, f/p - orc
Aim: an orc, wielding a +0 whip (chance to affect: 61%)
The orc resists with significant effort.
The orc misses you. The orc attacks as you move away!
The orc hits you with a +0 whip.
* * * LOW HITPOINT WARNING * * *
Found a fuming grey potion.
You feel yourself speed up. The orc hits you with a +0 whip.
You die...

#...# #...# .#.#.# ###
#...# ...#. ..# #.<.+
!... ..# #.### ... ..#
#. ..#### ..# #. .....
..###############..####
........)...o...@.....#
.......#######..o..##.#
.......# #...###.#
.#####.......#.# .# .#
..#######.# # S# ..#
#.# .. ...# #.. ##o
.#.# #+# .. ..


You could see 2 orcs.

Vanquished Creatures
  Jessica (D:3)
  3 adders
  2 worms (D:2)
  A dart slug (D:1)
  2 orcs (D:3)
  3 endoplasms
  4 giant cockroaches (D:1)
  9 goblins
  4 hobgoblins
  A jackal (D:3)
  3 quokkas (D:1)
  3 ball pythons (D:2)
  6 bats
  A frilled lizard (D:3)
  4 kobolds
  2 rats
49 creatures vanquished.

Notes
Turn   | Place    | Note
-------+----------+-------------------------------------------
     0 | D:1      | 112233 the Demonspawn Enchanter began the quest for the
                  | Orb.
     0 | D:1      | Reached XP level 1. HP: 13/13 MP: 3/3
    35 | D:1      | Reached skill level 1 in Short Blades
   260 | D:1      | Gained mutation: You regenerate magic rapidly. [demonic
                  | ancestry]
   260 | D:1      | Reached XP level 2. HP: 19/19 MP: 5/5
   655 | D:1      | Found a faded altar of an unknown god.
  1328 | D:2      | Reached XP level 3. HP: 24/24 MP: 6/6
  1725 | D:2      | Learned a level 2 spell: Ensorcelled Hibernation
  2895 | D:2      | Learned a level 3 spell: Confusing Touch
  3018 | D:3      | Noticed Jessica
  3038 | D:3      | Killed Jessica
  3039 | D:3      | Reached XP level 4. HP: 11/30 MP: 1/8
  3390 | D:3      | Noticed Ijyb
  3577 | D:3      | Slain by an orc

Illustrated notes

Levels and vault maps discovered:
D:1:      minmay_arrival_jagged, layout_basic, ebering_ecumenical_altar_mist
D:2:      layout_basic
D:3:      layout_basic, uniq_ijyb, uniq_jessica

Skill      XL: |  1  2  3  4 |
---------------+-------------+-----
Short Blades   | 1 2 |  2.0
Dodging        | 2 |  2.7
Stealth        | |  2.7
Spellcasting   | |  2.8
Hexes          | |  3.7

Action                   |  1- 3 |  4- 6 || total
-------------------------+-------+-------++-------
Melee: Dagger            |   133 |    29 ||   162
       Punch             |     2 |       ||     2
Throw: Dart              |     4 |       ||     4
 Cast: Ensorcelled Hiber |    19 |    10 ||    29
  Use: Potion            |     6 |     2 ||     8
 Stab: Sleeping          |    16 |     5 ||    21
       Invisible         |     2 |     1 ||     3
Armor: Robe              |    22 |     3 ||    25
Dodge: Dodged            |    68 |    10 ||    78
